Workbook

Sheet Приложение 1
J2: Приложение 2 к постановлению Администрации города Воткинска от 28.10.2026 № 1239
J4: " Приложение 1 к муниципальной программе «Социальная поддержка населения"
A6: Сведения о составе и значениях целевых показателей (индикаторов) муниципальной программы
A7: «Социальная поддержка населения»
A8: Ответственный исполнитель: Управление социальной поддержки населения Администрации города Воткинска
A10: Код аналитической программной классификации | C10: № п/п | D10: Наименование целевого показателя (индикатора) | E10: Единица измерения | F10: Значения целевых показателей (индикаторов)
F11: 2018 год | G11: 2019 год | H11: 2020 год | I11: 2021 год | J11: 2022 год | K11: 2023 год | L11: 2024 год | M11: 2025 год | N11: 2026 год | O11: 2027 год | P11: 2028 год | Q11: 2029 год | R11: 2030 год
A12: МП | B12: Пп | F12: отчет | G12: отчет | H12: отчет | I12: отчет | J12: отчет | K12: отчет | L12: отчет | M12: отчет | N12: прогноз | O12: прогноз | P12: прогноз | Q12: прогноз | R12: прогноз
A13: 04 | B13: 1 | D13: «Социальная поддержка семьи и детей»
A14: 04 | B14: 1 | C14: 1 | D14: Численность населения | E14: тыс. человек | F14: 97.45 | G14: 97.2 | H14: 97 | I14: 96.5 | J14: 96.9 | K14: 96.3 | L14: 95.1 | M14: 95.1 | N14: _* | O14: _* | P14: _* | Q14: _* | R14: _*
A15: 04 | B15: 1 | C15: 2 | D15: Число зарегистрированных многодетных семей | E15: семья | F15: 1095 | G15: 1064 | H15: 1070 | I15: 1075 | J15: _ | K15: _ | L15: _ | M15: _ | N15: _ | O15: _ | P15: _ | Q15: _ | R15: _
A16: 04 | B16: 1 | C16: 3 | D16: Количество детей-сирот и детей, оставшихся без попечения родителей * | E16: человек | F16: 255 | G16: 255 | H16: 250 | I16: 250 | J16: _ | K16: _ | L16: _ | M16: _ | N16: _ | O16: _ | P16: _ | Q16: _ | R16: _
A17: 04 | B17: 1 | C17: 4 | D17: Количество детей-сирот и детей, оставшихся без попечения родителей, находящихся на воспитании в семьях * | E17: человек | F17: 230 | G17: 240 | H17: 240 | I17: 240 | J17: _ | K17: _ | L17: _ | M17: _ | N17: _ | O17: _ | P17: _ | Q17: _ | R17: _
A18: 04 | B18: 1 | C18: 5 | D18: Доля детей-сирот и детей, оставшихся без попечения родителей, переданных на воспитание в семьи, в общей численности детей-сирот и детей, оставшихся без попечения родителей * | E18: процент | F18: 90.2 | G18: 94.12 | H18: 96 | I18: 96 | J18: _ | K18: _ | L18: _ | M18: _ | N18: _ | O18: _ | P18: _ | Q18: _ | R18: _
A19: 04 | B19: 1 | C19: 6 | D19: Количество жилых помещений, по которым Администрация города Воткинска наделена отдельными государственными полномочиями в соответствии с Законом УР № 8-РЗ от 14.03.2014 предоставленным лицам из числа детей-сирот и детей, оставшихся без попечения родителей | E19: штук | F19: 22 | G19: 26 | H19: 54 | I19: 78 | J19: 102 | K19: 109 | L19: 90 | M19: 92 | N19: 94 | O19: 95 | P19: 95 | Q19: 95 | R19: 95
A20: 04 | B20: 2 | D20: «Социальная поддержка старшего поколения, ветеранов и инвалидов, иных категорий граждан»
A21: 04 | B21: 2 | C21: 1 | D21: Количество граждан, получивших социальную поддержку | E21: человек | F21: 2457 | G21: 2408 | H21: 2410 | I21: 2410 | J21: 809 | K21: 13862 | L21: 2500 | M21: 2500 | N21: 2500 | O21: 2500 | P21: 2500 | Q21: 2500 | R21: 2500
A22: 04 | B22: 3 | D22: «Обеспечение жильем отдельных категорий граждан, стимулирование улучшения жилищных условий»
A23: 04 | B23: 3 | C23: 1 | D23: Доля многодетных семей, улучшивших жилищные условия за счет предоставления безвозмездной субсидии на строительство, реконструкцию, капитальный ремонт и приобретение жилого помещения к общей численности многодетных семей, состоящих на учете нуждающихся в улучшении жилищных условий * | E23: процент | F23: 9 | G23: 9 | H23: 16.6 | I23: 20 | J23: _ | K23: _ | L23: _ | M23: _ | N23: _ | O23: _ | P23: _ | Q23: _ | R23: _
A24: 04 | B24: 3 | C24: 2 | D24: Доля инвалидов и семей, имеющих детей-инвалидов, ветеранов боевых действий и приравненных к ним лиц, улучшивших жилищные условия за счет предоставления единовременной денежной выплаты на строительство и приобретение жилого помещения в общей численности инвалидов и семей, имеющих детей-инвалидов, состоящих на учете нуждающихся в улучшении жилищных условий | E24: процент | F24: 5.4 | G24: 5.4 | H24: 4.35 | I24: 7 | J24: 16.7 | K24: 8 | L24: 8 | M24: 8 | N24: 8 | O24: 8 | P24: 8 | Q24: 8 | R24: 8
A25: 04 | B25: 3 | C25: 3 | D25: Доля ветеранов Великой Отечественной войны, членов семей погибших (умерших) инвалидов и участников Великой Отечественной войны, улучшивших жилищные условия за счет предоставления единовременной денежной выплаты на строительство и приобретение жилого помещения к общей численности ветеранов Великой Отечественной войны, состоящих на учете нуждающихся в улучшении жилищных условий | E25: процент | F25: 100 | G25: 100 | H25: 100 | I25: 100 | J25: 100 | K25: 100 | L25: 100 | M25: 100 | N25: 100 | O25: 100 | P25: 100 | Q25: 100 | R25: 100
A26: 04 | B26: 3 | C26: 4 | D26: Доля молодых семей, улучшивших жилищные условия за счет предоставления социальных выплат на строительство (приобретение) жилья в общей численности молодых семей, состоящих на учете, нуждающихся в улучшении жилищных условий | E26: процент | F26: 0 | G26: 0 | H26: 0 | I26: 16.7 | J26: 16.7 | K26: 20 | L26: 20 | M26: 20 | N26: 20 | O26: 20 | P26: 20 | Q26: 20 | R26: 20
A27: 04 | B27: 3 | C27: 5 | D27: Доля населения, получившего жилые помещения и улучшившего жилищные условия, в общей численности населения, состоящего на учете в качестве нуждающегося в жилых помещениях | E27: процент | F27: 1.5 | G27: 1.6 | H27: 1 | I27: 8.1 | J27: 1.7 | K27: 8.1 | L27: 8.1 | M27: 8.1 | N27: 8.1 | O27: 8.1 | P27: 8.1 | Q27: 8.1 | R27: 8.1
A28: * примечание: целевые показатели не применяются с 01.01.2022 в связи с прекращением полномочий органов местного самоуправления в соответствии с Закон Удмуртской Республики от 27.04.2021 № 31-РЗ "О прекращении осуществления органами местного самоуправления в Удмуртской Республике отдельных государственных полномочий Удмуртской Республики по опеке и попечительству в отношении несовершеннолетних", Закон Удмуртской Республики от 27.04.2021 № 32-РЗ "О прекращении осуществления органами местного самоуправления в Удмуртской Республике отдельных государственных полномочий Удмуртской Республики по предоставлению мер социальной поддержки многодетным семьям в Удмуртской Республике" _* предоставление данных приостановлено в соответствии с ч. 10 ст. 5 ФЗ № 282-ФЗ
R29: ".

Sheet Приложение 2
H1: Приложение 3 к постановлению Администрации города Воткинска от 28.10.2026 № 1239
H3: " Приложение 2 к муниципальной программе «Социальная поддержка населения»
A5: Перечень основных мероприятий муниципальной программы
A6: «Социальная поддержка населения»
A7: Ответственный исполнитель: Управление социальной поддержки населения Администрации города Воткинска
A9: Код аналитической программной классификации | E9: Наименование подпрограммы, основного мероприятия, мероприятия | F9: Ответственный исполнитель, соисполнители | G9: Срок выполнения | H9: Ожидаемый непосредственный результат | I9: Взаимосвязь с целевыми показателями (индикаторами)
A10: МП | B10: Пп | C10: ОМ | D10: М
A11: 04 | B11: 1 | E11: Социальная поддержка семьи и детей | F11: Управление социальной поддержки населения Администрации города Воткинска | G11: 2020-2030 годы | H11: Укрепление престижа и развитие института семьи и семейных ценностей, обеспечение приоритета семейных форм воспитания детей-сирот и детей, оставшихся без попечения родителей, увеличение количества многодетных семей и среднесписочной численности населения города Воткинска
F12: Управление образования Администрации города Воткинска
A15: 04 | B15: 1 | C15: 01 | E15: Оказание мер социальной поддержки многодетным семьям в рамках реализации мероприятий регионального проекта «Финансовая поддержка семей при рождении детей в Удмуртской Республике» национального проекта «Демография» | F15: Управление социальной поддержки населения Администрации города Воткинска | G15: 2020-2030 годы
A18: 04 | B18: 1 | C18: 01 | D18: 1 | E18: Предоставление государственной услуги «Компенсация стоимости проезда на внутригородском транспорте, а также в автобусах пригородного сообщения для учащихся общеобразовательных школ и образовательных учреждений начального профессионального образования путём выдачи проездных билетов» | F18: Управление социальной поддержки населения Администрации города Воткинска | G18: 2020-2021 годы | H18: Повышение качества жизни многодетных семей за счет государственной социальной поддержки | I18: 4 1 1
I19: 4 1 2
A21: 04 | B21: 1 | C21: 01 | D21: 2 | E21: Бесплатное питание для учащихся образовательных учреждений для детей дошкольного и младшего школьного возраста общеобразовательных учреждений (один раз в учебный день). | F21: Управление образования Администрации города Воткинска | G21: 2020-2030 годы | H21: Повышение качества жизни многодетных семей за счет государственной социальной поддержки | I21: 4 1 1
I22: 4 1 2
A24: 04 | B24: 1 | C24: 02 | E24: Организация и проведение мероприятий, направленных на повышение престижа семьи и семейных ценностей | F24: Управление социальной поддержки населения Администрации города Воткинска | G24: 2020-2030 годы
A26: 04 | B26: 1 | C26: 02 | D26: 1 | E26: Культурно - массовые мероприятия | F26: Управление социальной поддержки населения Администрации города Воткинска | G26: 2020-2030 годы | H26: Укрепление престижа и развитие института семьи и семейных ценностей | I26: 4 1 1
A29: 04 | B29: 1 | C29: 03 | E29: Устройство детей-сирот и детей, оставшихся без попечения родителей на воспитание в семьи | F29: Управление социальной поддержки населения Администрации города Воткинска | G29: 2020-2021 годы | H29: Сокращение количества детей-сирот и детей, оставшихся без попечения родителей
F30: МКУ "Центр учета и отчетности города Воткинска"
A33: 04 | B33: 1 | C33: 03 | D33: 1 | E33: Оказание содействия детям-сиротам и детям, оставшимся без попечения родителей, в обучении на курсах по подготовке к поступлению в образовательные учреждения среднего и высшего профессионального образования | F33: Управление социальной поддержки населения Администрации города Воткинска | G33: 2020-2021 годы | H33: Улучшение положения детей сирот и детей, оставшихся без попечения родителей | I33: 4 1 4
I34: 4 1 5
A37: 04 | B37: 1 | C37: 03 | D37: 2 | E37: Предоставление государственной услуги "Назначение и выплата единовременного пособия при передаче ребенка на воспитание в семью" | F37: Управление социальной поддержки населения Администрации города Воткинска | G37: 2020-2021 годы | H37: Увеличение количества детей-сирот и детей, оставшихся без попечения родителей, переданных в отчетном году на воспитание в семьи. | I37: 4 1 3 4 1 4
F38: МКУ "Центр учета и отчетности города Воткинска" | I38: 4 1 5
A40: 04 | B40: 1 | C40: 04 | D40: 3 | E40: Выплата денежных средств на содержание ребенка, переданного в приемную семью, в том числе выплата приемному родителю компенсации расходов на приобретение книгоиздательской продукции и периодических изданий, на оплату коммунальных услуг и текущих расходов | F40: Управление социальной поддержки населения Администрации города Воткинска | G40: 2020-2021 годы | H40: Увеличение доли детей-сирот и детей, оставшихся без попечения родителей, переданных на воспитание в семьи | I40: 4 1 3 4 1 4
F41: МКУ "Центр учета и отчетности города Воткинска" | I41: 4 1 5
A43: 04 | B43: 1 | C43: 03 | D43: 4 | E43: Вознаграждение, причитающееся приемным родителям | F43: Управление социальной поддержки населения Администрации города Воткинска | G43: 2020-2021 годы | H43: Увеличение доли детей-сирот и детей, оставшихся без попечения родителей, переданных на воспитание в семьи | I43: 4 1 3 4 1 4
F44: МКУ "Центр учета и отчетности города Воткинска" | I44: 4 1 5
A46: 04 | B46: 1 | C46: 04 | E46: Организация опеки и попечительства в отношении несовершеннолетних | F46: Управление социальной поддержки населения Администрации города Воткинска | G46: 2020-2021 годы | H46: Увеличение доли детей-сирот и детей, оставшихся без попечения родителей, переданных на воспитание в семьи
F47: МКУ "Центр учета и отчетности города Воткинска"
A49: 04 | B49: 1 | C49: 04 | D49: 1 | E49: Выплата денежных средств на содержание детей, находящихся под опекой (попечительством) | F49: Управление социальной поддержки населения Администрации города Воткинска | G49: 2020-2021 годы | H49: Увеличение доли детей-сирот и детей, оставшихся без попечения родителей, переданных на воспитание в семьи | I49: 4 1 3 4 1 4
F50: МКУ "Центр учета и отчетности города Воткинска" | I50: 4 1 5
A53: 04 | B53: 1 | C53: 04 | D53: 2 | E53: Выплата денежных средств на содержание усыновленных (удочеренных) детей | F53: Управление социальной поддержки населения Администрации города Воткинска | G53: 2020-2021 годы | H53: Увеличение доли детей-сирот и детей, оставшихся без попечения родителей, переданных на воспитание в семьи | I53: 4 1 3 4 1 4
F54: МКУ "Центр учета и отчетности города Воткинска" | I54: 4 1 5
A57: 04 | B57: 1 | C57: 05 | E57: Обеспечение осуществления передаваемых полномочий в соответствии с Законом Удмуртской Республики от 14 марта 2013 года № 8-РЗ "Об обеспечении жилыми помещениями детей-сирот и детей, оставшихся без попечения родителей, а также лиц из числа детей-сирот и детей, оставшихся без попечения родителей" | F57: Управление социальной поддержки населения Администрации города Воткинска | G57: 2020-2030 годы
A61: 04 | B61: 1 | C61: 05 | D61: 1 | E61: Управление жилыми помещениями, предоставленными детям-сиротам и детям, оставшимся без попечения родителей, по договору найма специализированного жилого помещения. Выполнение переданных государственных полномочий по обеспечению сохранности закрепленных жилых помещений. | F61: Управление социальной поддержки населения Администрации города Воткинска | G61: 2020-2030 годы | H61: Обеспечение сохранности закрепленных жилых помещений, предоставленных детям-сиротам и детям, оставшимся без попечения родителей, по договору найма специализированного жилого помещения. | I61: 4 1 6
A65: 04 | B65: 2 | E65: Социальная поддержка старшего поколения, ветеранов и инвалидов, иных категорий граждан | F65: Управление социальной поддержки населения Администрации города Воткинска | G65: 2020-2030 годы
F66: МКУ "Центр учета и отчетности города Воткинска"
A68: 04 | B68: 2 | C68: 01 | E68: Пособия и компенсации гражданам и иные социальные выплаты, кроме публичных нормативных обязательств | F68: Управление социальной поддержки населения Администрации города Воткинска | G68: 2020-2030 годы
F69: МКУ "Центр учета и отчетности города Воткинска"
A72: 04 | B72: 2 | C72: 01 | D72: 1 | E72: Оказание социальной поддержки пенсионерам, получающим страховую пенсию по старости, по достижении 60 лет для мужчин и 55 лет для женщин, не имеющим мер социальной поддержки из Федерального бюджета и бюджета Удмуртской Республики по проезду на транспорте общего пользования путем оказания компенсации автотранспортным предприятиям в целях возмещения недополученных доходов в связи с предоставлением льготного проезда | F72: Управление социальной поддержки населения Администрации города Воткинска | G72: 2020-2030 годы | H72: Увеличение количества граждан, получивших социальную поддержку Повышение качества жизни старшего поколения | I72: 4 2 1
F73: МКУ "Центр учета и отчетности города Воткинска"
A81: 04 | B81: 2 | C81: 02 | E81: Другие выплаты по социальной помощи | F81: Управление социальной поддержки населения Администрации города Воткинска | G81: 2020-2030 годы | H81: Повышение качества жизни старшего поколения, семей с детьми | I81: 4 2 1
F82: МКУ "Центр учета и отчетности города Воткинска"
A84: 04 | B84: 2 | C84: 02 | D84: 1 | E84: Оказание муниципальной услуги «Предоставление материальной помощи гражданам, находящимся в трудной жизненной ситуации» | F84: Управление социальной поддержки населения Администрации города Воткинска | G84: 2020-2030 годы | H84: Повышение качества жизни старшего поколения, семей с детьми, граждан, проживающих в городе Воткинске и находящихся в трудной жизненной ситуации | I84: 4 2 1
F85: МКУ "Центр учета и отчетности города Воткинска"
A88: 04 | B88: 2 | C88: 02 | D88: 2 | E88: Пособия и компенсации по публичным обязательствам (выплаты почетным гражданам города Воткинска). | F88: Управление социальной поддержки населения Администрации города Воткинска | G88: 2020-2030 годы | H88: Увеличение количества граждан, получивших социальную поддержку Повышение качества жизни старшего поколения | I88: 4 2 1
F89: МКУ "Центр учета и отчетности города Воткинска"
A92: 04 | B92: 2 | C92: 03 | E92: Пенсионное обеспечение | F92: МКУ "Центр учета и отчетности города Воткинска" | G92: 2020-2030 годы
A95: 04 | B95: 2 | C95: 03 | D95: 1 | E95: Пенсии, выплачиваемые организациями сектора государственного управления (ежемесячные доплаты к пенсии лицам, замещавшим муниципальную должность и пенсии за выслугу лет муниципальным служащим муниципального образования «Город Воткинск»). | F95: МКУ "Центр учета и отчетности города Воткинска" | G95: 2020-2030 годы | H95: Увеличение количества граждан, получивших социальную поддержку Повышение качества жизни старшего поколения | I95: 4 2 1
A99: 04 | B99: 2 | C99: 04 | E99: Обеспечение условий доступности приоритетных объектов и услуг в приоритетных сферах жизнедеятельности инвалидов и других маломобильных групп населения в соответствии с государственной программой Удмуртской Республики «Доступная среда» | F99: Управление жилищно – коммунального хозяйства Администрации города Воткинска | G99: 2020
A103: 04 | B103: 2 | C103: 04 | D103: 1 | E103: Повышение уровня доступности приоритетных объектов и услуг в приоритетных сферах жизнедеятельности инвалидов и других маломобильных групп населения | F103: Управление жилищно – коммунального хозяйства Администрации города Воткинска | G103: 2020 | H103: Увеличение доли доступных для инвалидов и других маломобильных групп населения приоритетных объектов социальной, транспортной, инженерной инфраструктуры
A107: 04 | B107: 2 | C107: 05 | E107: Реализация в городе Воткинске проектов инициативного бюджетирования, выдвигаемых лицами с инвалидностью | F107: Управление образования Администрации города Воткинска | G107: 2023-2030
F108: Управление культуры, спорта и молодежной политики Администрации города Воткинска
F109: Управление муниципального имущества и земельных ресурсов города Воткинска
F110: Управление жилищно – коммунального хозяйства Администрации города Воткинска
A111: 04 | B111: 2 | C111: 05 | D111: 1 | E111: Реализация в городе Воткинске проектов инициативного бюджетирования, выдвигаемых лицами с инвалидностью | F111: Управление образования Администрации города Воткинска | G111: 2023-2030 | H111: Вовлечение лиц с инвалидностью в процессы инициативного бюджетирования
F112: Управление культуры, спорта и молодежной политики Администрации города Воткинска
F113: Управление муниципального имущества и земельных ресурсов города Воткинска
F114: Управление жилищно – коммунального хозяйства Администрации города Воткинска
A115: 04 | B115: 2 | C115: 06 | E115: Субсидии социально ориентированным некоммерческим организациям и иным некоммерческим организациям | F115: Управление культуры, спорта и молодежной политики Администрации города Воткинска | G115: 2023
A116: 04 | B116: 2 | C116: 06 | D116: 1 | E116: Субсидии некоммерческим организациям (за исключением государственнных (муниципальных) учреждений, государственных корпораций (компаний), публично-правовых компаний) | F116: Управление культуры, спорта и молодежной политики Администрации города Воткинска | G116: 2023 | H116: Социальная поддержка отдельных категорий граждан | I116: 4 2 1
A117: 04 | B117: 3 | E117: Обеспечение жильем отдельных категорий граждан, стимулирование улучшения жилищных условий | F117: Управление жилищно – коммунального хозяйства Администрации города Воткинска | G117: 2020-2030 годы
A120: 04 | B120: 3 | C120: 01 | E120: Реализация мероприятий по предоставлению мер социальной поддержки многодетным семьям в рамках регионального проекта «Финансовая поддержка семей при рождении детей в Удмуртской Республике» национального проекта «Демография» | F120: Управление жилищно – коммунального хозяйства Администрации города Воткинска | G120: 2020-2021 годы
A122: 04 | B122: 3 | C122: 01 | D122: 1 | E122: Улучшение жилищных условий многодетных семей за счет предоставления безвозмездных субсидий на строительство, реконструкцию, капитальный ремонт и приобретение жилых помещений | F122: Управление жилищно – коммунального хозяйства Администрации города Воткинска | G122: 2020-2021 годы | H122: Улучшение жилищных условий многодетных семей за счет предоставления безвозмездных субсидий на строительство, реконструкцию, капитальный ремонт и приобретение жилых помещений | I122: 4 3 1
A126: 04 | B126: 3 | C126: 02 | E126: Реализация мероприятий по предоставлению мер социальной поддержки ветеранам Великой Отечественной войны | F126: Управление жилищно – коммунального хозяйства Администрации города Воткинска | G126: 2020-2030 годы | H126: Улучшение жилищных условий ветеранов Великой Отечественной войны за счет предоставления единовременной денежной выплаты на строительство и приобретение жилого помещения
A130: 04 | B130: 3 | C130: 02 | D130: 1 | E130: Обеспечение жильем отдельной категории граждан, установленных ФЗ от 12.01.1995 года № 5-ФЗ «О ветеранах», в соответствии с Указом Президента РФ от 07.05.2008 № 714"Об обеспечении жильем ветеранов Великой Отечественной войны 1941 - 1945 годов" | F130: Управление жилищно – коммунального хозяйства Администрации города Воткинска | G130: 2020-2030 годы | H130: Улучшение жилищных условий ветеранов Великой Отечественной войны за счет предоставления единовременной денежной выплаты на строительство и приобретение жилого помещения | I130: 4 3 3
A134: 04 | B134: 3 | C134: 02 | D134: 2 | E134: Обеспечение предоставления мер социальной поддержки по обеспечению жильем инвалидов боевых действий, участников Великой Отечественной войны, ветеранов боевых действий, военнослужащих, проходивших военную службу в период с 22.06.1941г. | F134: Управление жилищно – коммунального хозяйства Администрации города Воткинска | G134: 2020-2030 годы | H134: Улучшение жилищных условий ветеранов Великой Отечественной войны за счет предоставления единовременной денежной выплаты на строительство и приобретение жилого помещения | I134: 4 3 3
A138: 04 | B138: 3 | C138: 03 | E138: Реализация мероприятий по предоставлению мер социальной поддержки инвалидам и семьям, имеющим детей-инвалидов, ветеранам боевых действий и приравненным к ним лицам | F138: Управление жилищно – коммунального хозяйства Администрации города Воткинска | G138: 2020-2030 годы
A142: 04 | B142: 3 | C142: 03 | D142: 1 | E142: Улучшение жилищных условий инвалидов и семей, имеющих детей-инвалидов, ветеранов боевых действий и приравненных к ним лиц | F142: Управление жилищно – коммунального хозяйства Администрации города Воткинска | G142: 2020-2030 годы | H142: Улучшение жилищных условий инвалидов и семей, имеющих детей-инвалидов, ветеранов боевых действий и приравненных к ним лиц, за счет предоставления единовременной денежной выплаты на строительство и приобретение жилого помещения | I142: 4 3 2
A146: 04 | B146: 3 | C146: 04 | E146: Реализация мероприятий регионального проекта «Жилье» национального проекта "Жильё и городская среда" | F146: Управление жилищно – коммунального хозяйства Администрации города Воткинска | G146: 2021-2030 годы
A149: 04 | B149: 3 | C149: 04 | D149: 1 | E149: Улучшение жилищных условий молодых семей за счет предоставления субсидий на строительство и приобретение жилого помещения | F149: Управление жилищно – коммунального хозяйства Администрации города Воткинска | G149: 2021-2030 годы | H149: Улучшение жилищных условий молодых семей Стимулирование рождаемости | I149: 4 3 4
I150: 4 1 1
I151: 4 1 2
I153: ".

Sheet Приложение 3
M2: Приложение 4 к постановлению Администрации города Воткинска от 28.10.2026 № 1239
M6: "Приложение 3 к муниципальной программе «Социальная поддержка населения»
A8: Финансовая оценка применения мер муниципального регулирования
A9: муниципальной программы «Социальная поддержка населения»
A10: Ответственный исполнитель: Управление социальной поддержки населения Администрации города Воткинска
A11: Код аналитической программной классификации | C11: Наименование меры муниципального регулирования | D11: Показатель применения меры | E11: Финансовая оценка результата, тыс. руб. | P11: Краткое обоснование необходимости применения меры
A12: МП | B12: Пп | E12: 2020 | F12: 2021 | G12: 2022 | H12: 2023 | I12: 2024 | J12: 2025 | K12: 2026 | L12: 2027 | M12: 2028 | N12: 2029 | O12: 2030
A13: 1 | B13: 2 | C13: 3 | D13: 4 | E13: 5 | F13: 6 | G13: 7 | H13: 8 | I13: 9 | J13: 10 | K13: 10 | L13: 10 | M13: 10 | N13: 10 | O13: 10 | P13: 11
A14: 04 | B14: 2 | C14: Освобождение от уплаты налога на землю Герои Советского Союза, Герои Социалистического труда, Герои Российской Федерации, полные кавалеры ордена Славы | D14: Объем предоставленной налоговой льготы | E14: 0 | F14: 0 | G14: 0 | H14: 0 | I14: 0 | J14: 0 | K14: 0 | L14: 0 | M14: 0 | N14: 0 | O14: 0 | P14: Социальная поддержка отдельных категорий граждан. Повышение качества жизни
A15: 04 | B15: 2 | C15: Освобождение от уплаты налога на землю Инвалидов 1 и 2 групп инвалидности, инвалидов с детства | D15: Объем предоставленной налоговой льготы | E15: 80.67 | F15: 186.55 | G15: 277.651 | H15: 274.515 | I15: 246.954 | J15: 247 | K15: 247 | L15: 247 | M15: 247 | N15: 247 | O15: 247 | P15: Социальная поддержка отдельных категорий граждан. Повышение качества жизни
A16: 04 | B16: 2 | C16: Освобождение от уплаты налога на землю Ветеранов и инвалидов Великой Отечественной войны, ветеранов и инвалидов боевых действий | D16: Объем предоставленной налоговой льготы | E16: 197.29 | F16: 186.081 | G16: 207.302 | H16: 215.395 | I16: 243.564 | J16: 243.564 | K16: 243.564 | L16: 243.564 | M16: 243.564 | N16: 243.564 | O16: 244 | P16: Социальная поддержка отдельных категорий граждан. Повышение качества жизни
A17: 04 | B17: 2 | C17: Освобождение от уплаты налога на землю Супруг погибших (умерших) участников Великой Отечественной войны, не вступивших в повторный брак | D17: Объем предоставленной налоговой льготы | E17: 0 | F17: 1 | G17: 0 | H17: 0 | I17: 0 | J17: 0 | K17: 0 | L17: 0 | M17: 0 | N17: 0 | O17: 0 | P17: Социальная поддержка отдельных категорий граждан. Повышение качества жизни
A18: 04 | B18: 2 | C18: Освобождение от уплаты налога на землю Физических лиц, имеющих право на получение социальной поддержки в соответствии с Законом Российской Федерации "О социальной защите граждан, подвергшихся воздействию радиации вследствие катастрофы на Чернобыльской АЭС" (в редакции Закона Российской Федерации от 18 июня 1992 года N 3061-1) | D18: Объем предоставленной налоговой льготы | E18: 4 | F18: 4.196 | G18: 5.127 | H18: 15.921 | I18: 16.107 | J18: 16.107 | K18: 16.107 | L18: 16.107 | M18: 16.107 | N18: 16.107 | O18: 16 | P18: Социальная поддержка отдельных категорий граждан. Повышение качества жизни
A19: 04 | B19: 2 | C19: Освобождение Физических лиц, имеющих право на получение социальной поддержки в соответствии с Федеральным законом от 26 ноября 1998 года N175-ФЗ "О социальной защите граждан Российской Федерации, подвергшихся воздействию радиации вследствие аварии в 1957 году на производственном объединении "Маяк" и сбросов радиоактивных отходов в реку Теча" от уплаты налога на землю | D19: Объем предоставленной налоговой льготы | E19: 0 | F19: 0 | G19: 0 | H19: 0 | I19: 0 | J19: 0 | K19: 0 | L19: 0 | M19: 0 | N19: 0 | O19: 0 | P19: Социальная поддержка отдельных категорий граждан. Повышение качества жизни
A20: 04 | B20: 2 | C20: Освобождение от уплаты налога на землю Физических лиц, имеющих право на получение социальной поддержки в соответствиис Федеральным законом от 10 января 2002 года N 2-ФЗ "О социальных гарантиях гражданам, подвергшимся радиационному воздействию вследствие ядерных испытаний на Семипалатинском полигоне" | D20: Объем предоставленной налоговой льготы | E20: 0 | F20: 0 | G20: 0 | H20: 0 | I20: 0 | J20: 0 | K20: 0 | L20: 0 | M20: 0 | N20: 0 | O20: 0 | P20: Социальная поддержка отдельных категорий граждан. Повышение качества жизни
A21: 04 | B21: 2 | C21: Освобождение Физических лиц, принимавших участие в составе подразделений особого риска непосредственное участие в испытаниях ядерного и термоядерного оружия, ликвидации аварий ядерных установок на средствах вооружения и военных объектах, от уплаты налога на землю | D21: Объем предоставленной налоговой льготы | E21: 0 | F21: 0 | G21: 0 | H21: 0 | I21: 0 | J21: 0 | K21: 0 | L21: 0 | M21: 0 | N21: 0 | O21: 0 | P21: Социальная поддержка отдельных категорий граждан. Повышение качества жизни
A22: 04 | B22: 2 | C22: Освобождение от уплаты налога на землюФизических лиц, получивших или перенесших лучевую болезнь или ставших инвалидами в результате испытаний, учений и иных работ, связанных с любыми видами ядерных установок, включая ядерное оружие и космическую технику | D22: Объем предоставленной налоговой льготы | E22: 0 | F22: 0 | G22: 0 | H22: 0 | I22: 0 | J22: 0 | K22: 0 | L22: 0 | M22: 0 | N22: 0 | O22: 0 | P22: Социальная поддержка отдельных категорий граждан. Повышение качества жизни
A23: 04 | B23: 2 | C23: Освобождение от уплаты налога на землю Почетных граждан города Воткинска | D23: Объем предоставленной налоговой льготы | E23: 0 | F23: 0 | G23: 0 | H23: 0 | I23: 0 | J23: 0 | K23: 0 | L23: 0 | M23: 0 | N23: 0 | O23: 0 | P23: Социальная поддержка отдельных категорий граждан. Повышение качества жизни
A24: 04 | B24: 2 | C24: Освобождение от уплаты налога на землю Почетных граждан Удмуртской Республики | D24: Объем предоставленной налоговой льготы | E24: 0 | F24: 0 | G24: 0 | H24: 0 | I24: 0 | J24: 0 | K24: 0 | L24: 0 | M24: 0 | N24: 0 | O24: 0 | P24: Социальная поддержка отдельных категорий граждан. Повышение качества жизни
A25: 04 | B25: 2 | C25: Освобождение от уплаты налога на землю Детей-сирот, детей, оставшихся без попечения родителей, а также лица из числа детей-сирот и детей, оставшихся без попечения родителей, обучающихся в организациях, осуществляющих образовательную деятельность, по очной форме обучения, до окончания обучения, но не дольше, чем до достижения ими возраста 23 лет | D25: Объем предоставленной налоговой льготы | E25: 0 | F25: 0 | G25: 0.696 | H25: 1.032 | I25: 0.261 | J25: 0.147 | K25: 0.147 | L25: 0.147 | M25: 0.147 | N25: 0.147 | O25: 0.147 | P25: Социальная поддержка отдельных категорий граждан. Повышение качества жизни
... A29: 04 | B29: 2 | C29: Освобождение Почетные граждане города Воткинска, от уплаты налога на имущество | D29: Объем предоставленной налоговой льготы | E29: 0 | F29: 0 | G29: 0 | H29: 0 | I29: 0 | J29: 2.262 | K29: 2 | L29: 2 | M29: 2 | N29: 2 | O29: 2 | P29: Социальная поддержка отдельных категорий граждан. Повышение качества жизни
P30: ".

Sheet Приложение 5
P3: Приложение 5 к постановлению Администрации города Воткинска от 28.10.2026 № 1239
P4: "Приложение 5
P5: к муниципальной программе
P6: «Социальная поддержка населения»
B7: Ресурсное обеспечение реализации муниципальной программы
B8: за счет средств бюджета муниципального образования "Город Воткинск"
B9: муниципальной программы «Социальная поддержка населения» Ответственный исполнитель: Управление социальной поддержки населения Администрации города Воткинска
B10: Код аналитической программной классификации | G10: Наименование муниципальной программы, подпрограммы, основного мероприятия, мероприятия | H10: Ответственный исполнитель, соисполнитель | I10: Код бюджетной классификации
I11: ГРБС | J11: Рз | K11: Пр | L11: ЦС | M11: ВР | N11: 2020 год | O11: 2021 год | P11: 2022 год | Q11: 2023 год | R11: 2024 год | S11: 2025 год | T11: 2026 год | U11: 2027 год | V11: 2028 год | W11: 2029 год | X11: 2030 год
B12: МП | C12: Пп | D12: ОМ | E12: М | F12: И
B13: 04 | G13: «Социальная поддержка населения» | H13: Всего | N13: =N14+N15+N16 -> 31943.7 | O13: =O14+O15+O16 -> 33202.8 | P13: =P14+P15+P16+P18 -> 14689.1 | Q13: =Q14+Q15+Q16+Q18+Q17 -> 22816.7 | R13: =R14+R15+R16+R17+R18 -> 23005.3 | S13: =S14+S15+S16+S17+S18 -> 26119.4 | T13: =T14+T15+T16+T17+T18 -> 33390.4 | U13: =U14+U15+U16+U17+U18 -> 29612.3 | V13: =V14+V15+V16+V17+V18 -> 30636.4 | W13: =W14+W15+W16+W17+W18 -> 31695.9 | X13: =X14+X15+X16+X17+X18 -> 32646.7
H14: Администрация города Воткинска | I14: 933 | N14: =N20+N59 -> 22916 | O14: =O20+O59 -> 21024.5 | P14: =P20+P59 -> 3841.6 | Q14: =Q20+Q59 -> 4786 | R14: =R20+R59 -> 5309.9 | S14: =S20+S59 -> 6239.1 | T14: =T20+T59 -> 6429.4 | U14: =U20+U59 -> 6835.7 | ... X14: =X20+X59 -> 5625.7
H15: Управление жилищно-коммунального хозяйства | I15: 935 | N15: =N61+N117 -> 551.9 | O15: =O61+O117 -> 1821.1 | P15: =P61+P117 -> 740.1 | Q15: =Q61+Q117 -> 1362.6 | R15: =R117+R61 -> 1526.4 | S15: =S117+S61 -> 906.4 | T15: =T97+T130 -> 1264.5 | U15: =U61+U117 -> 10 | V15: =V61+V117 -> 10 | W15: =W61+W117 -> 10 | X15: =X61+X117 -> 10
H16: Управление образования Администрации города Воткинска | I16: 941 | N16: 8475.8 | O16: =O21 -> 10357.2 | P16: =P21 -> 10107.4 | Q16: =Q21+Q62 -> 13248 | R16: =R21+R62 -> 15493.6 | S16: =S21+S62 -> 18486.4 | T16: =T21+T62 -> 23972.3 | U16: =U21+U62 -> 22413.6 | V16: =V21+V62 -> 23437.7 | W16: =W21+W62 -> 25707.2 | X16: =X21+X62 -> 26658
H17: Управление муниципального имущества и земельных ресурсов | I17: 939 | N17: 0 | O17: 0 | P17: 0 | Q17: =Q60 -> 896.8 | R17: =R96 -> 675.4 | S17: 487.5 | T17: 0 | U17: 0 | V17: 0 | W17: 0 | X17: 0
H18: Управление культуры, спорта и молодежной политики | I18: 938 | N18: 0 | O18: 0 | P18: 0 | Q18: =Q63 -> 2523.3 | R18: =R63 -> 0 | S18: 0 | T18: =T63 -> 1724.2 | U18: =U63 -> 353 | V18: =V63 -> 353 | W18: =W63 -> 353 | X18: =X63 -> 353
B19: =B13 -> 04 | C19: 1 | G19: «Социальная поддержка семьи и детей» | H19: Всего | N19: =SUM(N21+N20) -> 28271.5 | O19: =SUM(O21+O20) -> 28128.5 | P19: =SUM(P21+P20) -> 11076.5 | Q19: =SUM(Q21+Q20) -> 13773.9 | R19: =SUM(R21+R20) -> 13342 | S19: =SUM(S21+S20) -> 16549.9 | T19: =T20+T21 -> 22393.2 | U19: =U20+U21 -> 23383.3 | V19: =V20+V21 -> 24407.4 | W19: =W20+W21 -> 26676.9 | X19: =X20+X21 -> 27627.7
H20: Администрация города Воткинска | I20: 933 | N20: =N23+N33+N37+N46+N54 -> 19795.7 | O20: =SUM(O23+O33+O37+O46+O54) -> 17771.3 | P20: =SUM(P23+P33+P37+P46+P54) -> 969.1 | Q20: =SUM(Q23+Q33+Q37+Q46+Q54) -> 1667.2 | R20: =SUM(R23+R33+R37+R46+R54) -> 976.9 | S20: =SUM(S23+S33+S37+S46+S54) -> 1555.1 | T20: =T33+T54 -> 1322 | U20: =U23+U33+U37+U46+U54 -> 1322.7 | V20: =V23+V33+V37+V46+V54 -> 1322.7 | W20: =W23+W33+W37+W46+W54 -> 1322.7 | X20: =X23+X33+X37+X46+X54 -> 1322.7
H21: Управление образования Администрации города Воткинска | I21: 941 | N21: 8475.8 | O21: =O24 -> 10357.2 | P21: =P24 -> 10107.4 | Q21: =Q24 -> 12106.7 | R21: =R24 -> 12365.1 | S21: =S24 -> 14994.8 | T21: =T24 -> 21071.2 | U21: =U24 -> 22060.6 | V21: =V24 -> 23084.7 | ... X21: =X24 -> 26305
B22: =B13 -> 04 | C22: 1 | D22: 01 | G22: Оказание мер социальной поддержки многодетным семьям в рамках реализации мероприятий регионального проекта «Финансовая поддержка семей при рождении детей в Удмуртской Республике» национального проекта «Демография» | H22: Всего | N22: =SUM(N24+N23) -> 11969.7 | O22: =SUM(O24+O23) -> 14229.3 | P22: =SUM(P24+P23) -> 10107.4 | Q22: =SUM(Q24+Q23) -> 12106.7 | R22: =SUM(R24+R23) -> 12365.1 | S22: =SUM(S24+S23) -> 14994.8 | T22: =T23+T24 -> 21071.2 | U22: =U23+U24 -> 22060.6 | V22: =V23+V24 -> 23084.7 | W22: =W23+W24 -> 25354.2 | X22: =X23+X24 -> 26305
H23: Администрация города Воткинска | I23: 933 | N23: 3493.9 | O23: =O27 -> 3872.1 | P23: =P27 -> 0 | Q23: =Q27 -> 0 | R23: =R27 -> 0 | S23: =S27 -> 0 | T23: =T26+T27 -> 0 | U23: =U26+U27 -> 0 | V23: =V26+V27 -> 0 | W23: =W26+W27 -> 0 | X23: =X26+X27 -> 0
H24: Управление образования Администрации города Воткинска | I24: 941 | N24: 8475.8 | O24: =O31 -> 10357.2 | P24: =P31 -> 10107.4 | Q24: =Q31 -> 12106.7 | R24: =R31 -> 12365.1 | S24: =S30 -> 14994.8 | T24: =T30 -> 21071.2 | U24: =U30 -> 22060.6 | V24: =V30 -> 23084.7 | W24: =W30 -> 25354.2 | X24: =X30 -> 26305
B25: =B13 -> 04 | C25: 1 | D25: 01 | E25: 1 | G25: Предоставление государственной услуги "Компенсация стоимости проезда на внутригородском транспорте, а также в автобусах пригородного сообщения для учащихся общеобразовательных школ и образовательных учреждений начального профессионального образования путем выдачи проездных билетов" | H25: Администрация города Воткинска | I25: 933 | J25: 10 | K25: 04 | L25: 041P104340 | M25: 323 | N25: 3333.9 | O25: 3333.9 | P25: 3333.9 | Q25: 3333.9 | R25: 3333.9 | S25: 3333.9
L26: 041P104340 | M26: 323 | N26: 3493.9 | O26: 0 | P26: 0 | Q26: 0 | R26: 0 | S26: 0 | T26: 0 | U26: 0 | V26: 0 | W26: 0 | X26: 0
L27: 041P104342 | M27: 323 | N27: 0 | O27: 3872.1 | P27: 0 | Q27: 0 | R27: 0 | S27: 0 | T27: 0 | U27: 0 | V27: 0 | W27: 0 | X27: 0
B28: 04 | C28: 1 | D28: 01 | E28: 2 | G28: Бесплатное питание для учащихся образовательных школ из многодетных семей (один раз в учебный день) | H28: Управление образования Администрации города Воткинска | I28: 941 | J28: 10 | K28: 04 | L28: 041Р104340 | M28: 612 | N28: 26857 | O28: 26857 | P28: 26857 | Q28: 26857 | R28: 26857 | S28: 26857
I29: 941 | J29: 10 | K29: 04 | L29: 041Р104340 | M29: 612 | N29: 8475.8 | O29: 0 | P29: 0 | Q29: 0 | R29: 0 | S29: 0 | T29: 0 | U29: 0 | V29: 0 | W29: 0 | X29: 0
I30: 941 | J30: 10 | K30: 04 | L30: 041Я204343 | M30: 612 | N30: 0 | O30: 0 | P30: 0 | Q30: 0 | R30: 0 | S30: 14994.8 | T30: 21071.2 | U30: 22060.6 | V30: 23084.7 | W30: 25354.2 | X30: 26305
I31: 941 | J31: 10 | K31: 04 | L31: 041Р104343 | M31: 612 | N31: 0 | O31: 10357.2 | P31: 10107.4 | Q31: 12106.7 | R31: 12365.1 | S31: 0 | T31: 0 | U31: 0 | V31: 0 | W31: 0 | X31: 0
B32: 04 | C32: 1 | D32: 02 | G32: Организация и проведение мероприятий, направленных на повышение престижа семьи и семейных ценностей. | H32: Всего | N32: 3.6 | O32: 3.6 | P32: 1.5 | Q32: 6 | R32: 4.1 | S32: 4.5 | T32: =T33 -> 4.3 | U32: 5 | V32: 5 | W32: 5 | X32: 5
H33: Администрация города Воткинска | I33: 933 | N33: 3.6 | O33: 3.6 | P33: 1.5 | Q33: 6 | R33: 4.1 | S33: 4.5 | T33: =T34 -> 4.3 | U33: 5 | V33: 5 | W33: 5 | X33: 5
B34: 04 | C34: 1 | D34: 02 | E34: 1 | G34: Культурно-массовые мероприятия | H34: Администрация города Воткинска | I34: 933 | J34: 10 | K34: 03 | L34: 0410261700 | M34: 244 | N34: 3.6 | O34: 3.6 | P34: 1.5 | Q34: 6 | R34: 4.1 | S34: 4.5 | T34: 4.3 | U34: 5 | V34: 5 | W34: 5 | X34: 5
B36: 04 | C36: 1 | D36: 03 | G36: Устройство детей-сирот и детей, оставшихся без попечения родителей, на воспитание в семьи. | H36: Всего | N36: =SUM(N38+N39+N41+N43) -> 1720 | O36: =SUM(O38+O39+O41+O43) -> 2194.2 | P36: =SUM(P38+P39+P41+P43) -> 0 | Q36: =SUM(Q38+Q39+Q41+Q43) -> 0 | R36: =SUM(R38+R39+R41+R43) -> 0 | S36: =SUM(S38+S39+S41+S43) -> 0 | T36: 0 | U36: 0 | V36: 0 | W36: 0 | X36: 0
H37: Администрация города Воткинска | I37: 933 | N37: =N38+N39+N41+N43 -> 1720 | O37: =O38+O39+O41+O43 -> 2194.2 | P37: =P38+P39+P41+P43 -> 0 | Q37: =Q38+Q39+Q41+Q43 -> 0 | R37: =R38+R39+R41+R43 -> 0 | S37: =S38+S39+S41+S43 -> 0 | T37: 0 | U37: 0 | V37: 0 | W37: 0 | X37: 0
B38: 04 | C38: 1 | D38: 03 | E38: 1 | G38: Оказание содействия детям-сиротам и детям, оставшимся без попечения родителей, в обучении на курсах по подготовке к поступлению в образовательные учреждения среднего и высшего профессионального образования | H38: Администрация города Воткинска | I38: 933 | J38: 10 | K38: 04 | L38: 0410302160 | M38: 323 | N38: 6.5 | O38: 0 | P38: 0 | Q38: 0 | R38: 0 | S38: 0 | T38: 0 | U38: 0 | V38: 0 | W38: 0 | X38: 0
B39: 04 | C39: 1 | D39: 03 | E39: 2 | G39: Предоставление государственной услуги "Назначение и выплата единовременного пособия при передаче ребенка на воспитание в семью" | H39: Администрация города Воткинска | I39: 933 | J39: 10 | K39: 04 | L39: 0410352600 | M39: 321 | N39: 227.2 | O39: 759.7 | P39: 0 | Q39: 0 | R39: 0 | S39: 0 | T39: 0 | U39: 0 | V39: 0 | W39: 0 | X39: 0
B41: 04 | C41: 1 | D41: 03 | E41: 3 | G41: Выплата денежных средств на содержание ребенка, переданного в приемную семью, в том числе выплата приемному родителю компенсации расходов на приоретение книгоиздательской продукции и периодических изданий, на оплату коммунальных услуг и текущих расходов | H41: Администрация города Воткинска | I41: 933 | J41: 10 | K41: 04 | L41: 0410304250 | M41: 321 | N41: 909.3 | O41: 826.7 | P41: 0 | Q41: 0 | R41: 0 | S41: 0 | T41: 0 | U41: 0 | V41: 0 | W41: 0 | X41: 0
B43: 04 | C43: 1 | D43: 03 | E43: 4 | G43: Вознаграждение, причитающееся приемным родителям | H43: Администрация города Воткинска | I43: 933 | J43: 10 | K43: 04 | L43: 0410304250 | M43: 323 | N43: 577 | O43: 607.8 | P43: 0 | Q43: 0 | R43: 0 | S43: 0 | T43: 0 | U43: 0 | V43: 0 | W43: 0 | X43: 0
B45: 04 | C45: 1 | D45: 04 | G45: Организация опеки и попечительства в отношении несовершеннолетних. | H45: Всего | N45: =SUM(N46+N48) -> 13971.6 | O45: =SUM(O46+O48) -> 10942.9 | P45: =SUM(P46+P48) -> 0 | Q45: =SUM(Q46+Q48) -> 0 | R45: =SUM(R46+R48) -> 0 | S45: =SUM(S46+S48) -> 0 | T45: 0 | U45: 0 | V45: 0 | W45: 0 | X45: 0
H46: Администрация города Воткинска | I46: 933 | N46: =N47+N49 -> 13971.6 | O46: =O47+O49 -> 10942.9 | P46: =P47+P49 -> 0 | Q46: =Q47+Q49 -> 0 | R46: =R47+R49 -> 0 | S46: =S47+S49 -> 0 | T46: 0 | U46: 0 | V46: 0 | W46: 0 | X46: 0
B47: 04 | C47: 1 | D47: 04 | E47: 1 | G47: Выплата денежных средств на содержание детей, находящихся под опекой (попечительством) | H47: Администрация города Воткинска | I47: 933 | J47: 10 | K47: 04 | L47: 0410404260 | M47: 321 | N47: 13731.6 | O47: 10702.9 | P47: 0 | Q47: 0 | R47: 0 | S47: 0 | T47: 0 | U47: 0 | V47: 0 | W47: 0 | X47: 0
B49: 04 | C49: 1 | D49: 04 | E49: 2 | G49: Выплата денежных средств на содержание усыновленных (удочеренных) детей | H49: Администрация города Воткинска | I49: 933 | J49: 10 | K49: 04 | L49: 0410406330 | M49: 321 | N49: 240 | O49: 240 | P49: 0 | Q49: 0 | R49: 0 | S49: 0 | T49: 0 | U49: 0 | V49: 0 | W49: 0 | X49: 0
B53: 04 | C53: 1 | D53: 05 | G53: Обеспечение осуществления передаваемых полномочий в соответствии с Законом Удмуртской Республики от 14 марта 2013 года № 8-РЗ "Об обеспечении жилыми помещениями детей-сирот и детей, оставшихся без попечения родителей, а также лиц из числа детей-сирот и детей, оставшихся без попечения родителей". | H53: Всего | N53: =N54 -> 606.6 | O53: =O54 -> 758.5 | P53: =P54 -> 967.6 | Q53: =Q54 -> 1661.2 | R53: =R54 -> 972.8 | S53: =S54 -> 1550.6 | T53: =T54 -> 1317.7 | U53: =U54 -> 1317.7 | ... X53: =X54 -> 1317.7
H54: Администрация города Воткинска | I54: 933 | J54: 10 | K54: 04 | L54: 0410505660 | N54: =N55 -> 606.6 | O54: =O55 -> 758.5 | P54: =P55 -> 967.6 | Q54: =Q55 -> 1661.2 | R54: =R55 -> 972.8 | S54: =S55 -> 1550.6 | T54: =T55 -> 1317.7 | U54: =U55 -> 1317.7 | ... X54: =X55 -> 1317.7
B55: 04 | C55: 1 | D55: 05 | E55: 1 | G55: Управление жилыми помещениями, предоставленными детям-сиротами и детям, оставшимся без попечения родителей, по договору найма специализированного жилого помещения. Выполнение переданных государственных полномочий по обеспечению сохранности закрепленных жилых помещений | H55: Администрация города Воткинска | I55: 933 | J55: 10 | K55: 04 | L55: 0410505660 | M55: 323 | N55: 606.6 | O55: 758.5 | P55: 967.6 | Q55: 1661.2 | R55: 972.8 | S55: 1550.6 | T55: 1317.7 | U55: 1317.7 | V55: 1317.7 | W55: 1317.7 | X55: 1317.7
B57: =B39 -> 04 | C57: 2 | G57: «Социальная поддержка старшего поколения, ветеранов и инвалидов, иных категорий граждан» | H57: Всего | I57: 933 | N57: =N59+N61 -> 3160.3 | O57: =O59+O61 -> 3253.2 | P57: =P59+P61 -> 2872.5 | Q57: =Q59+Q60+Q61+Q62+Q63 -> 7680.2 | R57: =R59+R61+R60+R62+R63 -> 8136.9 | S57: =S59+S61+S60+S62+S63 -> 8175.6 | T57: =T59+T60+T61+T62+T63 -> 9732.7 | U57: =U59+U60+U61+U62+U63 -> 6219 | V57: =V59+V60+V61+V62+V63 -> 6219 | W57: =W59+W60+W61+W62+W63 -> 5009 | X57: =X59+X60+X61+X62+X63 -> 5009
H59: Администрация города Воткинска | I59: 933 | N59: =N65+N72+N83 -> 3120.3 | O59: =O65+O72+O83 -> 3253.2 | P59: =P65+P72+P83 -> 2872.5 | Q59: =Q65+Q72+Q83 -> 3118.8 | R59: =R65+R72+R83 -> 4333 | S59: =S72+S83+S65 -> 4684 | T59: =T65+T72+T83 -> 5107.4 | U59: =U65+U72+U83 -> 5513 | V59: =V65+V72+V83 -> 5513 | W59: =W65+W72+W83 -> 4303 | X59: =X65+X72+X83 -> 4303
H60: Управление муниципального имущества и земельных ресурсов | I60: 939 | N60: 0 | O60: 0 | P60: 0 | Q60: =Q96 -> 896.8 | R60: =R96 -> 675.4 | S60: 0 | T60: 0 | U60: 0 | V60: 0 | W60: 0 | X60: 0
H61: Управление жилищно-коммунального хозяйства | I61: 935 | N61: =N87 -> 40 | O61: 0 | P61: 0 | Q61: 0 | R61: 0 | S61: 0 | T61: =T87 -> 0 | U61: =U87 -> 0 | V61: =V87 -> 0 | W61: =W87 -> 0 | X61: =X87 -> 0
H62: Управление образования Администрации города Воткинска | I62: 941 | N62: 0 | O62: 0 | P62: 0 | Q62: =Q94 -> 1141.3 | R62: =R94 -> 3128.5 | S62: =S94 -> 3491.6 | T62: =T88+T94 -> 2901.1 | U62: =U88+U94 -> 353 | V62: =V88+V94 -> 353 | W62: =W88+W94 -> 353 | X62: =X88+X94 -> 353
H63: Управление культуры, спорта и молодежной политики | I63: 938 | N63: 0 | O63: 0 | P63: 0 | Q63: =Q89+Q95+Q115 -> 2523.3 | R63: =R95 -> 0 | S63: 0 | T63: =T95 -> 1724.2 | U63: =U89+U95+U115 -> 353 | V63: =V89+V95+V115 -> 353 | W63: =W89+W95+W115 -> 353 | X63: =X89+X95+X115 -> 353
B64: 04 | C64: 2 | D64: 01 | G64: Пособия и компенсации гражданам и иные социальные выплаты, кроме публичных нормативных обязательств | H64: Всего | I64: 933 | N64: 363.2 | O64: =O65 -> 334.2 | P64: =P65 -> 0 | Q64: =Q65 -> 0 | R64: =R65 -> 0 | S64: =S65 -> 0 | T64: =T65 -> 0 | U64: =U65 -> 0 | V64: =V65 -> 0 | ... X64: =X65 -> 0
H65: Администрация города Воткинска | I65: 933 | N65: 363.2 | O65: =O67 -> 334.2 | P65: =P67 -> 0 | Q65: =Q67 -> 0 | R65: =R67 -> 0 | S65: =S67 -> 0 | T65: =T67 -> 0 | U65: =U67 -> 0 | V65: =V67 -> 0 | ... X65: =X67 -> 0
H66: Администрация города Воткинска | I66: 933 | J66: 04 | K66: 08 | L66: 0426290 | M66: 810 | N66: 0 | O66: 0
B67: 04 | C67: 2 | D67: 01 | E67: 1 | G67: Оказание социальной поддержки пенсионерам, получающим страховую пенсию по старости, по достижении 60 лет для мужчин и 55 лет для женщин, не имеющим мер социальной поддержки из Федерального бюджета и бюджета Удмуртской Республики по проезду на транспорте общего пользования путем оказания компенсации автотранспортным предприятиям в целях возмещения недополученных доходов в связи с предоставлением льготного проезда | J67: 04 | K67: 08 | L67: 0420161700 | M67: 811 | N67: 363.2 | O67: 334.2 | P67: 0 | Q67: 0 | R67: 0 | S67: 0 | T67: 0 | U67: 0 | V67: 0 | W67: 0 | X67: 0
H70: Управление жилищно-коммунального хозяйства | I70: 935 | J70: 04 | K70: 08 | L70: 0420108100 | M70: 814 | N70: 0 | O70: 0
B71: 04 | C71: 2 | D71: 02 | G71: Другие выплаты по социальной помощи | H71: Всего | I71: =I73 -> 933 | N71: =N72 -> 650.7 | O71: =O72 -> 763.1 | P71: =P72 -> 828 | Q71: =Q72 -> 1028.8 | R71: =R72 -> 1193 | S71: =S72 -> 1052 | T71: =T72 -> 1054.6 | U71: =U72 -> 1163 | ... X71: =X72 -> 1163
H72: Администрация города Воткинска | I72: 933 | N72: =N74+N79 -> 650.7 | O72: =O74+O79 -> 763.1 | P72: =SUM(P74+P79) -> 828 | Q72: =SUM(Q74+Q79) -> 1028.8 | R72: =SUM(R74+R79) -> 1193 | S72: =SUM(S74+S79) -> 1052 | T72: =T74+T79 -> 1054.6 | U72: =U74+U79 -> 1163 | V72: =V74+V79 -> 1163 | W72: =W74+W79 -> 1163 | X72: =X74+X79 -> 1163
I73: 933 | J73: 10 | K73: 03 | L73: 0426172 | N73: 0 | O73: 0 | P73: 0 | Q73: 0 | R73: 0 | S73: 0 | T73: 0 | U73: 0 | V73: 0 | W73: 0 | X73: 0
B74: 04 | C74: 2 | D74: 02 | E74: 1 | G74: Предоставление муниципальной услуги "Оказание материальной помощи гражданам, находящимся в трудной жизненной ситуации" | H74: Администрация города Воткинска | L74: 0420261720 | M74: 321 | N74: 60 | O74: 56.1 | P74: 13 | Q74: 22.5 | R74: 20 | S74: 18 | T74: 20.7 | U74: 20 | V74: 20 | W74: 20 | X74: 20
B79: 04 | C79: 2 | D79: 02 | E79: 2 | G79: Пособия и компенсации публичным обязательствам (выплаты Почетным гражданам города Воткинска) | H79: Администрация города Воткинска | I79: 933 | J79: 10 | K79: 03 | L79: 0420261730 | M79: 330 | N79: 590.7 | O79: 707 | P79: 815 | Q79: 1006.3 | R79: 1173 | S79: 1034 | T79: 1033.9 | U79: 1143 | V79: 1143 | W79: 1143 | X79: 1143
B82: 04 | C82: 2 | D82: 03 | G82: Пенсионное обеспечение | H82: Всего | I82: 933 | N82: 2106.4 | O82: =O83 -> 2155.9 | P82: =P83 -> 2044.5 | Q82: =Q83 -> 2090 | R82: =R83 -> 3140 | S82: =S83 -> 3632 | T82: =T83 -> 4052.8 | U82: =U83 -> 4350 | V82: =V83 -> 4350 | ... X82: =X83 -> 3140
H83: Администрация города Воткинска | I83: 933 | N83: 2106.4 | O83: =O85 -> 2155.9 | P83: =P85 -> 2044.5 | Q83: =Q85 -> 2090 | R83: =R85 -> 3140 | S83: =S85 -> 3632 | T83: =T85 -> 4052.8 | U83: =U85 -> 4350 | V83: =V85 -> 4350 | ... X83: =X85 -> 3140
I84: 933 | J84: 10 | K84: 01 | L84: 0426171 | M84: 312 | N84: 0 | O84: 0
B85: 04 | C85: 2 | D85: 03 | E85: 1 | G85: Пенсии, выплачиваемые организациями сектора государственного управления (Ежемесячные доплаты к пенсии лицам, замещавшим муниципальную должность и пенсии за выслугу лет муниципальным служащим муниципального образования "Город Воткинск") | H85: Администрация города Воткинска | L85: 0420361710 | N85: 2106.4 | O85: 2155.9 | P85: 2044.5 | Q85: 2090 | R85: 3140 | S85: 3632 | T85: 4052.8 | U85: 4350 | V85: 4350 | W85: 3140 | X85: 3140
B87: 04 | C87: 2 | D87: 04 | G87: Обеспечение условий доступности приоритетных объектов и услуг в приоритетных сферах жизнедеятельности инвалидов и других маломобильных групп населения в соответствии с государственной программой Удмуртской Республики «Доступная среда» | H87: Управление жилищно-коммунального хозяйства | I87: 935 | J87: 04 | K87: 09 | L87: 0420462530 | M87: 244 | N87: 40 | O87: 0 | P87: 0 | Q87: 0 | R87: 0 | S87: 0 | T87: 0 | U87: 0 | V87: 0 | W87: 0 | X87: 0
H88: Управление образования Администрации города Воткинска | I88: 941 | J88: 07 | K88: 03 | L88: 0420400000 | M88: 0 | N88: 0 | O88: 0 | P88: 0 | Q88: 0 | R88: 0 | S88: 0 | T88: 0 | U88: 0 | V88: 0 | W88: 0 | X88: 0
H89: Управление культуры, спорта и молодежной политики | I89: 938 | J89: 08 | K89: 01 | L89: 0420400000 | M89: 200 | N89: 0 | O89: 0 | P89: 0 | Q89: 0 | R89: 0 | S89: 0 | T89: 0 | U89: 0 | V89: 0 | W89: 0 | X89: 0
B90: 04 | C90: 2 | D90: 04 | E90: 1 | G90: Повышение уровня доступности приоритетных объектов и услуг в приоритетных сферах жизнедеятельности инвалидов и других маломобильных групп населения | H90: Управление жилищно-коммунального хозяйства | I90: 935 | J90: 04 | K90: 09 | L90: 0420462530 | M90: 244 | N90: 40 | O90: 0 | P90: 0 | Q90: 0 | R90: 0 | S90: 0 | T90: 0 | U90: 0 | V90: 0 | W90: 0 | X90: 0
H91: Управление образования Администрации города Воткинска | I91: 941 | J91: 07 | K91: 03 | L91: 0420400000 | M91: 0 | N91: 0 | O91: 0 | P91: 0 | Q91: 0 | R91: 0 | S91: 0 | T91: 0 | U91: 0 | V91: 0 | W91: 0 | X91: 0
H92: Управление культуры, спорта и молодежной политики | I92: 938 | J92: 08 | K92: 01 | L92: 0420400000 | M92: 200 | N92: 0 | O92: 0 | P92: 0 | Q92: 0 | R92: 0 | S92: 0 | T92: 0 | U92: 0 | V92: 0 | W92: 0 | X92: 0
C93: 2 | D93: 05 | G93: Реализация в городе Воткинске проектов инициативного бюджетирования, выдвигаемых лицами с инвалидностью | H93: Всего | T93: =T94+T95+T96+T97 -> 4625.3 | U93: =U94+U95+U96+U97 -> 706 | V93: =V94+V95+V96+V97 -> 706 | W93: =W94+W95+W96+W97 -> 706 | X93: =X94+X95+X96+X97 -> 706
B94: 04 | H94: Управление образования Администрации города Воткинска | I94: 941 | J94: 07 | K94: 03 | N94: 0 | O94: 0 | P94: 0 | Q94: =Q100+Q101 -> 1141.3 | R94: =R100+R101+R102+R103+R104+R105 -> 3128.5 | S94: =S98+S99+S100+S101+S102+S103+S104+S105 -> 3491.6 | T94: =T98+T99+T100+T101+T102+T103+T104+T105 -> 2901.1 | U94: =U98+U99+U100+U101+U102+U103+U104+U105 -> 353 | V94: =V98+V100+V101+V102+V103+V104+V105 -> 353 | W94: =W98+W100+W101+W102+W103+W104+W105 -> 353 | X94: =X98+X100+X101+X102+X103+X104+X105 -> 353
H95: Управление культуры, спорта и молодежной политики | I95: 938 | K95: 01 | N95: 0 | O95: 0 | P95: 0 | Q95: =Q107+Q108+Q109+Q110 -> 2223.3 | R95: 0 | S95: =S106+S107+S108+S109+S110 -> 0 | T95: =T106+T107+T108+T109+T110 -> 1724.2 | U95: =U106+U107+U108+U109+U110+U110 -> 353 | V95: =V106+V107+V108+V110 -> 353 | W95: =W106+W107+W108+W110 -> 353 | X95: =X106+X107+X108+X110 -> 353
H96: Управление муниципального имущества и земельных ресурсов | I96: 939 | J96: 01 | K96: 13 | N96: 0 | O96: 0 | P96: 0 | Q96: =Q111+Q112 -> 896.8 | R96: =R111+R112 -> 675.4 | S96: 487.5 | T96: 0 | U96: 0 | V96: 0 | W96: 0 | X96: 0
H97: Управление жилищно-коммунального хозяйства | I97: 935 | J97: 05 | K97: 03 | N97: 0 | O97: 0 | P97: 0 | Q97: 0 | R97: 0 | S97: 0 | T97: 0 | U97: 0 | V97: 0 | W97: 0 | X97: 0
B98: 04 | C98: 2 | D98: 05 | E98: 1 | G98: Реализация в городе Воткинске проектов инициативного бюджетирования, выдвигаемых лицами с инвалидностью | H98: Управление образования Администрации города Воткинска | I98: 941 | J98: 07 | K98: 01 | L98: 04205S3500 | M98: 612 | N98: 0 | O98: 0 | P98: 0 | Q98: 0 | R98: 0 | S98: 0 | T98: 0 | U98: 0 | V98: 0 | W98: 0 | X98: 0
I99: 941 | J99: 07 | K99: 01 | L99: 0420503500 | M99: 612 | N99: 0 | O99: 0 | P99: 0 | Q99: 0 | R99: 0 | S99: 1146.3 | T99: 0 | U99: 0 | V99: 0 | W99: 0 | X99: 0
I100: 941 | J100: 07 | K100: 02 | L100: 04205S3500 | M100: 612 | N100: 0 | O100: 0 | P100: 0 | Q100: 171.2 | R100: 154.1 | S100: 0 | T100: 0 | U100: 176.5 | V100: 176.5 | W100: 176.5 | X100: 176.5
I101: 941 | J101: 07 | K101: 02 | L101: 0420503500 | M101: 612 | N101: 0 | O101: 0 | P101: 0 | Q101: 970.1 | R101: 873.3 | S101: 1176.2 | T101: 1725.1 | U101: 0 | V101: 0 | W101: 0 | X101: 0
I102: 941 | J102: 07 | K102: 03 | L102: 04205S3500 | M102: 612 | N102: 0 | O102: 0 | P102: 0 | Q102: 0 | R102: 171.2 | S102: 0 | T102: 0 | U102: 0 | V102: 0 | W102: 0 | X102: 0
I103: 941 | J103: 07 | K103: 03 | L103: 0420503500 | M103: 612 | N103: 0 | O103: 0 | P103: 0 | Q103: 0 | R103: 970.3 | S103: 0 | T103: 0 | U103: 0 | V103: 0 | W103: 0 | X103: 0
I104: 941 | J104: 07 | K104: 03 | L104: 04205S3500 | M104: 622 | N104: 0 | O104: 0 | P104: 0 | Q104: 0 | R104: 143.9 | S104: 0 | T104: 0 | U104: 176.5 | V104: 176.5 | W104: 176.5 | X104: 176.5
I105: 941 | J105: 07 | K105: 03 | L105: 0420503500 | M105: 622 | N105: 0 | O105: 0 | P105: 0 | Q105: 0 | R105: 815.7 | S105: 1169.1 | T105: 1176 | U105: 0 | V105: 0 | W105: 0 | X105: 0
H106: Управление культуры, спорта и молодежной политики | I106: 938 | J106: 08 | K106: 01 | L106: 0420503500 | M106: 244 | N106: 0 | O106: 0 | P106: 0 | Q106: 0 | R106: 0 | S106: 0 | T106: 13.3 | U106: 353 | V106: 353 | W106: 353 | X106: 353
I107: 938 | J107: 08 | K107: 01 | L107: 0420503500 | M107: 622 | N107: 0 | O107: 0 | P107: 0 | Q107: 1000 | R107: 0 | S107: 0 | T107: 1710.9 | U107: 0 | V107: 0 | W107: 0 | X107: 0
I108: 938 | J108: 08 | K108: 01 | L108: 04205S3500 | M108: 622 | N108: 0 | O108: 0 | P108: 0 | Q108: 176.9 | R108: 0 | S108: 0 | T108: 0 | U108: 0 | V108: 0 | W108: 0 | X108: 0
I109: 938 | J109: 11 | K109: 01 | L109: 0420503500 | M109: 622 | N109: 0 | O109: 0 | P109: 0 | Q109: 874.7 | R109: 0 | S109: 0 | T109: 0 | U109: 0 | V109: 0 | W109: 0 | X109: 0
I110: 938 | J110: 11 | K110: 01 | L110: 04205S3500 | M110: 622 | N110: 0 | O110: 0 | P110: 0 | Q110: 171.7 | R110: 0 | S110: 0 | T110: 0 | U110: 0 | V110: 0 | W110: 0 | X110: 0
H111: Управление муниципального имущества и земельных ресурсов | I111: 939 | J111: 01 | K111: 13 | L111: 0420503500 | M111: 244 | N111: 0 | O111: 0 | P111: 0 | Q111: 776.8 | R111: 571.1 | S111: 0 | T111: 0 | U111: 0 | V111: 0 | W111: 0 | X111: 0
I112: 939 | J112: 01 | K112: 13 | L112: 04205S3500 | M112: 244 | N112: 0 | O112: 0 | P112: 0 | Q112: 120 | R112: 104.3 | S112: 487.5 | T112: 0 | U112: 0 | V112: 0 | W112: 0 | X112: 0
H113: Управление жилищно-коммунального хозяйства | I113: 935 | J113: 05 | K113: 03 | L113: 04205S3500 | M113: 244 | N113: 0 | O113: 0 | P113: 0 | Q113: 0 | R113: 0 | S113: 0 | T113: 0 | U113: 0 | V113: 0 | W113: 0 | X113: 0
I114: 935 | J114: 05 | K114: 03 | L114: 0420503500 | M114: 244 | N114: 0 | O114: 0 | P114: 0 | Q114: 0 | R114: 0 | S114: 0 | T114: 0 | U114: 0 | V114: 0 | W114: 0 | X114: 0
B115: 04 | C115: 2 | D115: 06 | G115: Субсидии социально ориентированным некоммерческим организациям и иным некоммерческим организациям | H115: Управление культуры, спорта и молодежной политики | I115: 938 | N115: 0 | O115: 0 | P115: 0 | Q115: 300 | R115: 0 | S115: 0 | T115: 0 | U115: 0 | V115: 0 | W115: 0 | X115: 0
B116: 04 | C116: 2 | D116: 06 | E116: 1 | G116: Субсидии некоммерческим организациям (за исключением государственнных (муниципальных) учреждений, государственных корпораций (компаний), публично-правовых компаний) | H116: Управление культуры, спорта и молодежной политики | I116: 938 | J116: 10 | K116: 06 | L116: 0420661700 | M116: 633 | N116: 0 | O116: 0 | P116: 0 | Q116: 300 | R116: 0 | S116: 0 | T116: 0 | U116: 0 | V116: 0 | W116: 0 | X116: 0
B117: 04 | C117: 3 | G117: Обеспечение жильем отдельных категорий граждан, стимулирование улучшения жилищных условий | H117: Управление жилищно-коммунального хозяйства | I117: 935 | N117: 511.9 | O117: =O118+O122+O127+O130 -> 1821.1 | P117: =P118+P122+P122+P127+P130 -> 740.1 | Q117: =Q118+Q122+Q127+Q130 -> 1362.6 | R117: =R118+R122+R127+R130 -> 1526.4 | S117: =S118+S122+S127+S130 -> 906.4 | T117: =T130 -> 1264.5 | U117: =U118+U122+U127+U130 -> 10 | V117: =V118+V122+V127+V130 -> 10 | W117: =W118+W122+W127+W130 -> 10 | X117: =X118+X122+X127+X130 -> 10
B118: 04 | C118: 3 | D118: 01 | G118: Реализация мероприятий по предоставлению мер социальной поддержки многодетным семьям в рамках регионального проекта «Финансовая поддержка семей при рождении детей в Удмуртской Республике» национального проекта «Демография» | H118: Управление жилищно-коммунального хозяйства | I118: 935 | N118: 511.9 | O118: 782.1 | P118: =P120 -> 0 | Q118: =Q120 -> 0 | R118: =R120 -> 0 | S118: =S120 -> 0 | T118: =T120 -> 0 | U118: =U120 -> 0 | V118: =V120 -> 0 | W118: =W120 -> 0 | X118: =X120 -> 0
B120: 04 | C120: 3 | D120: 01 | E120: 1 | G120: Улучшение жилищных условий многодетных семей за счет предоставления безвозмездных субсидий на строительство, реконструкцию, капитальный ремонт и приобретение жилых помещений | H120: Управление жилищно-коммунального хозяйства | I120: 935 | J120: 10 | K120: 04 | L120: 043Р104460 | M120: 322 | N120: 511.9 | O120: 782.1 | P120: 0 | Q120: 0 | R120: 0 | S120: 0 | T120: 0 | U120: 0 | V120: 0 | W120: 0 | X120: 0
B122: 04 | C122: 3 | D122: 02 | G122: Реализация мероприятий по предоставлению мер социальной поддержки ветеранам Великой Отечественной войны | H122: Управление жилищно-коммунального хозяйства | I122: 935 | N122: 0 | O122: =O123+O124+O125+O126 -> 0 | P122: 0 | Q122: 0 | R122: 0 | S122: 0 | T122: 0 | U122: 0 | V122: 0 | W122: 0 | X122: 0
B123: 04 | C123: 3 | D123: 02 | E123: 1 | G123: Обеспечение жильем отдельной категории граждан, установленных ФЗ от 12.01.1995 года № 5-ФЗ «О ветеранах», в соответствии с Указом Президента РФ от 07.05.2008 № 714"Об обеспечении жильем ветеранов Великой Отечественной войны 1941 - 1945 годов" | H123: Управление жилищно-коммунального хозяйства | I123: 935 | J123: 10 | K123: 04 | L123: 0430251340 | M123: 322 | N123: 0 | O123: 0 | P123: 0 | Q123: 0 | R123: 0 | S123: 0 | T123: 0 | U123: 0 | V123: 0 | W123: 0 | X123: 0
...

Sheet приложение 6
G2: Приложение 6
G3: к постановлению Администрации города Воткинска от 28.10.2026 № 1239
H4: "Приложение 6
H5: к муниципальной программе
H6: «Социальная поддержка населения»
A7: Прогнозная (справочная) оценка ресурсного обеспечения реализации муниципальной программы
A8: за счет всех источников финансирования
C9: муниципальной программы «Социальная поддержка населения» Ответственный исполнитель: Управление социальной поддержки населения Администрации города Воткинска
A11: Код аналитической программной классификации | C11: Наименование муниципальной программы, подпрограммы | D11: Источник финансирования | E11: Оценка расходов, тыс. рублей
E12: Итого | F12: 2020 год | G12: 2021 год | H12: 2022 год | I12: 2023 год | J12: 2024 год | K12: 2025 год | L12: 2026 год | M12: 2027 год | N12: 2028 год | O12: 2029 год | P12: 2030 год
A13: МП | B13: Пп
A14: 04 | C14: «Социальная поддержка населения» | D14: Всего | E14: =F14+G14+H14+I14+J14+K14+L14+M14+N14+O14+P14 -> 309758.7 | F14: =SUM(F21+F20+F15) -> 31943.7 | G14: =SUM(G21+G20+G15) -> 33202.8 | H14: =SUM(H21+H20+H15) -> 14689.1 | I14: =I15+I20+I21 -> 22816.7 | J14: =J15+J20+J21 -> 23005.3 | K14: =K15+K20+K21 -> 26119.4 | L14: =L15+L20+L21 -> 33390.4 | M14: =M15+M20+M21 -> 29612.3 | N14: =N15+N20+N21 -> 30636.4 | O14: =O15+O20+O21 -> 31695.9 | P14: =P15+P20+P21 -> 32646.7
D15: 1) бюджет муниципального образования | E15: =F15+G15+H15+I15+J15+K15+L15+M15+N15 -> 245416.1 | F15: =SUM(F17+F18+F19) -> 31943.7 | G15: =SUM(G17+G18+G19) -> 33202.8 | H15: =SUM(H17+H18+H19) -> 14689.1 | I15: =I17+I18+I19 -> 22816.7 | J15: =J17+J18+J19 -> 23005.3 | K15: =K17+K18+K19 -> 26119.4 | L15: =L17+L18+L19 -> 33390.4 | M15: =M17+M18+M19 -> 29612.3 | N15: =N17+N18+N19 -> 30636.4 | O15: =O17+O18+O19 -> 31695.9 | P15: =P17+P18+P19 -> 32646.7
D16: в том числе:
D17: собственные средства бюджета города Воткинска | E17: =F17+G17+H17+I17+J17+K17+L17+M17+N17 -> 41792.9 | F17: =F25+F33+F41 -> 3163.9 | G17: =G25+G33+G41+G50 -> 3256.8 | H17: =H25+H33+H41 -> 2874 | I17: =I25+I33+I41+I50 -> 4064.6 | J17: =J25+J33+J41 -> 4925.9 | K17: =K25+K33+K41 -> 5221.5 | L17: =L25+L33+L41 -> 5818.2 | M17: =M25+M33+M41 -> 6234 | N17: =N25+N33+N41 -> 6234 | O17: =O25+O33+O41 -> 5024 | P17: =P25+P33+P41 -> 5024
D18: средства бюджета Удмуртской Республики | E18: =F18+G18+H18+I18+J18+K18+L18+M18+N18 -> 199043.8 | F18: =F26+F34+F42 -> 28552.6 | G18: =G26+G34+G42 -> 29186.3 | H18: =H26+H34+H42 -> 11075 | I18: =I26+I34+I42 -> 17389.5 | J18: =J26+J34+J42 -> 17383.6 | K18: =K26+K34+K42 -> 20473.4 | L18: =L26+L34+L42 -> 27202.7 | M18: =M26+M34+M42 -> 23378.3 | ... P18: =P26+P34+P42 -> 27622.7
D19: средства бюджета Российской Федерации | E19: =F19+G19+H19+I19+J19+K19+L19+M19+N19 -> 4579.4 | F19: =F27 -> 227.2 | G19: =G27 -> 759.7 | H19: 740.1 | I19: =I27+I35+I43 -> 1362.6 | J19: =J27+J35+J43 -> 695.8 | K19: =K27+K35+K43 -> 424.5 | L19: =L27+L35+L43 -> 369.5 | M19: =M27 -> 0 | N19: =N27 -> 0 | O19: =O27 -> 0 | P19: =P27 -> 0
D20: 2) средства бюджетов других уровней бюджетной системы Российской Федерации, планируемые к привлечению | E20: 0 | F20: 0 | G20: 0 | H20: 0 | I20: 0 | J20: 0 | K20: 0 | L20: 0 | M20: 0 | N20: 0 | O20: 0 | P20: 0
D21: 3) иные источники | E21: 0 | F21: 0 | G21: 0 | H21: 0 | I21: 0 | J21: 0 | K21: 0 | L21: 0 | M21: 0 | N21: 0 | O21: 0 | P21: 0
A22: 04 | B22: 1 | C22: «Социальная поддержка семьи и детей» | D22: Всего | E22: =F22+G22+H22+I22+J22+K22+L22+M22+N22+O22+P22 -> 235630.8 | F22: 28271.5 | G22: =G23+G28+G29 -> 28128.5 | H22: =H23+H28+H29 -> 11076.5 | I22: =I23+I28+I29 -> 13773.9 | J22: =J23+J28+J29 -> 13342 | K22: =K23+K28+K29 -> 16549.9 | L22: =L23+L28+L29 -> 22393.2 | M22: =M23+M28+M29 -> 23383.3 | N22: =N23+N28+N29 -> 24407.4 | ... P22: =P23+P28+P29 -> 27627.7
D23: 1) бюджет муниципального образования | E23: =F23+G23+H23+I23+J23+K23+L23+M23+N23 -> 181326.2 | F23: =SUM(F25+F26+F27) -> 28271.5 | G23: =G25+G26+G27 -> 28128.5 | H23: =H25+H26+H27 -> 11076.5 | I23: =I25+I26+I27 -> 13773.9 | J23: =J25+J26+J27 -> 13342 | K23: =K25+K26+K27 -> 16549.9 | L23: =L25+L26+L27 -> 22393.2 | M23: =M25+M26+M27 -> 23383.3 | N23: =N25+N26+N27 -> 24407.4 | ... P23: =P25+P26+P27 -> 27627.7
D24: в том числе:
D25: собственные средства бюджета города Воткинска | E25: =F25+G25+H25+I25+J25+K25+L25+M25+N25 -> 37.6 | F25: 3.6 | G25: 3.6 | H25: 1.5 | I25: 6 | J25: 4.1 | K25: 4.5 | L25: 4.3 | M25: 5 | N25: 5 | O25: 5 | P25: 5
D26: средства бюджета Удмуртской Республики | E26: =F26+G26+H26+I26+J26+K26+L26+M26+N26 -> 180301.7 | F26: 28040.7 | G26: 27365.2 | H26: 11075 | I26: 13767.9 | J26: ='Приложение 5'!R53+'Приложение 5'!R24 -> 13337.9 | K26: ='Приложение 5'!S30+'Приложение 5'!S53 -> 16545.4 | L26: ='Приложение 5'!T21+'Приложение 5'!T53 -> 22388.9 | M26: ='Приложение 5'!U53+'Приложение 5'!U24 -> 23378.3 | N26: ='Приложение 5'!V24+'Приложение 5'!V53 -> 24402.4 | O26: ='Приложение 5'!W24+'Приложение 5'!W53 -> 26671.9 | P26: ='Приложение 5'!X24+'Приложение 5'!X53 -> 27622.7
D27: средства бюджета Российской Федерации | E27: =F27+G27+H27+I27+J27+K27+L27+M27+N27 -> 986.9 | F27: 227.2 | G27: 759.7 | H27: 0 | I27: 0 | J27: 0 | K27: 0 | L27: 0 | M27: 0 | N27: 0 | O27: 0 | P27: 0
D28: 2) средства бюджетов других уровней бюджетной системы Российской Федерации, планируемые к привлечению | E28: 0 | F28: 0 | G28: 0 | H28: 0 | I28: 0 | J28: 0 | K28: 0 | L28: 0 | M28: 0 | N28: 0 | O28: 0 | P28: 0
D29: 3) иные источники | E29: 0 | F29: 0 | G29: 0 | H29: 0 | I29: 0 | J29: 0 | K29: 0 | L29: 0 | M29: 0 | N29: 0 | O29: 0 | P29: 0
A30: =A22 -> 04 | B30: 2 | C30: «Социальная поддержка старшего поколения, ветеранов и инвалидов, иных категорий граждан» | D30: Всего | E30: =F30+G30+H30+I30+J30+K30+L30+M30+N30+O30+P30 -> 65954.9 | F30: 3160.3 | G30: =G31+G36+G37 -> 3253.2 | H30: =H31+H36+H37 -> 2872.5 | I30: =I31+I36+I37 -> 7680.2 | J30: =J31+J36+J37 -> 8136.9 | K30: =K31+K36+K37 -> 8663.1 | L30: =L31+L36+L37 -> 9732.7 | M30: =M31+M36+M37 -> 6219 | N30: =N31+N36+N37 -> 6219 | ... P30: =P31+P36+P37 -> 5009
D31: 1) бюджет муниципального образования | E31: =F31+G31+H31+I31+J31+K31+L31+M31+N31 -> 55936.9 | F31: 3160.3 | G31: =G33+G34+G35 -> 3253.2 | H31: =H33+H34+H35 -> 2872.5 | I31: =I33+I34+I35 -> 7680.2 | J31: =J33+J34+J35 -> 8136.9 | K31: =K33+K34+K35 -> 8663.1 | L31: =L33+L34+L35 -> 9732.7 | M31: =M33+M34+M35 -> 6219 | N31: =N33+N34+N35 -> 6219 | ... P31: =P33+P34+P35 -> 5009
D32: в том числе:
D33: собственные средства бюджета города Воткинска | E33: =F33+G33+H33+I33+J33+K33+L33+M33+N33 -> 41698.2 | F33: 3160.3 | G33: 3253.2 | H33: 2872.5 | I33: ='Приложение 5'!Q72+'Приложение 5'!Q83+'Приложение 5'!Q100+'Приложение 5'!Q108+'Приложение 5'!Q110+'Приложение 5'!Q112+'Приложение 5'!Q115 -> 4058.6 | J33: ='Приложение 5'!R71+'Приложение 5'!R82+'Приложение 5'!R100+'Приложение 5'!R102+'Приложение 5'!R104+'Приложение 5'!R112 -> 4906.5 | K33: ='Приложение 5'!S71+'Приложение 5'!S82+172+176.4+175.5 -> 5207.9 | L33: 5801.2 | M33: ='Приложение 5'!U71+'Приложение 5'!U82+'Приложение 5'!U100+'Приложение 5'!U104+'Приложение 5'!U106 -> 6219 | N33: ='Приложение 5'!V71+'Приложение 5'!V82+'Приложение 5'!V100+'Приложение 5'!V104+'Приложение 5'!V106 -> 6219 | O33: ='Приложение 5'!W71+'Приложение 5'!W82+'Приложение 5'!W100+'Приложение 5'!W104+'Приложение 5'!W106 -> 5009 | P33: ='Приложение 5'!X71+'Приложение 5'!X82+'Приложение 5'!X100+'Приложение 5'!X104+'Приложение 5'!X106 -> 5009
D34: средства бюджета Удмуртской Республики | E34: =SUM(F34+G34+H34+I34+L34) -> 7553.1 | F34: 0 | G34: 0 | H34: 0 | I34: ='Приложение 5'!Q101+'Приложение 5'!Q107+'Приложение 5'!Q109+'Приложение 5'!Q111 -> 3621.6 | J34: ='Приложение 5'!R101+'Приложение 5'!R103+'Приложение 5'!R105+'Приложение 5'!R107+'Приложение 5'!R109+'Приложение 5'!R111 -> 3230.4 | K34: =974.3+999.8+993.6+487.5 -> 3455.2 | L34: 3931.5 | M34: 0 | N34: 0 | O34: 0 | P34: 0
D35: средства бюджета Российской Федерации | E35: =SUM(F35+G35+H35+I35+L35) -> 0 | F35: 0 | G35: 0 | H35: 0 | I35: 0 | J35: 0 | K35: 0 | L35: 0 | M35: 0 | N35: 0 | O35: 0 | P35: 0
D36: 2) средства бюджетов других уровней бюджетной системы Российской Федерации, планируемые к привлечению | E36: 0 | F36: 0 | G36: 0 | H36: 0 | I36: 0 | J36: 0 | K36: 0 | L36: 0 | M36: 0 | N36: 0 | O36: 0 | P36: 0
D37: 3) иные источники | E37: 0 | F37: 0 | G37: 0 | H37: 0 | I37: 0 | J37: 0 | K37: 0 | L37: 0 | M37: 0 | N37: 0 | O37: 0 | P37: 0
A38: =A30 -> 04 | B38: 3 | C38: Обеспечение жильем отдельных категорий граждан, стимулирование улучшения жилищных условий | D38: Всего | E38: =F38+G38+H38+I38+J38+K38+L38+M38+N38+O38+P38 -> 8173 | F38: 511.9 | G38: =G39+G44+G45 -> 1821.1 | H38: =H39+H44+H45 -> 740.1 | I38: =I39+I44+I45 -> 1362.6 | J38: =J39+J44+J45 -> 1526.4 | K38: =K39+K44+K45 -> 906.4 | L38: =L39+L44+L45 -> 1264.5 | M38: =M39+M44+M45 -> 10 | N38: =N39+N44+N45 -> 10 | ... P38: =P39+P44+P45 -> 10
D39: 1) бюджет муниципального образования | E39: =SUM(F39+G39+H39+I39+L39+J39+M39+N39+K39) -> 8153 | F39: 511.9 | G39: =G41+G42+G43 -> 1821.1 | H39: =H41+H42+H43 -> 740.1 | I39: =I41+I42+I43 -> 1362.6 | J39: =J41+J42+J43 -> 1526.4 | K39: =K41+K42+K43 -> 906.4 | L39: =L41+L42+L43 -> 1264.5 | M39: =M41+M42+M43 -> 10 | N39: =N41+N42+N43 -> 10 | ... P39: =P41+P42+P43 -> 10
D40: в том числе:
D41: собственные средства бюджета города Воткинска | E41: =SUM(F41+G41+H41+I41+L41) -> 12.7 | F41: 0 | G41: 0 | H41: 0 | I41: 0 | J41: 15.3 | K41: 9.1 | L41: 12.7 | M41: 10 | N41: 10 | O41: 10 | P41: 10
D42: средства бюджета Удмуртской Республики | E42: =F42+G42+H42+I42+J42+K42+L42+M42+N42 -> 4503.4 | F42: 511.9 | G42: 1821.1 | H42: 0 | I42: 0 | J42: 815.3 | K42: 472.8 | L42: 882.3 | M42: 0 | N42: 0 | O42: 0 | P42: 0
D43: средства бюджета Российской Федерации | E43: =F43+G43+H43+I43+J43+K43+L43+M43+N43 -> 3592.5 | F43: 0 | G43: 0 | H43: 740.1 | I43: 1362.6 | J43: 695.8 | K43: 424.5 | L43: 369.5 | M43: 0 | N43: 0 | O43: 0 | P43: 0
D44: 2) средства бюджетов других уровней бюджетной системы Российской Федерации, планируемые к привлечению | E44: 0 | F44: 0 | G44: 0 | H44: 0 | I44: 0 | J44: 0 | K44: 0 | L44: 0 | M44: 0 | N44: 0 | O44: 0 | P44: 0
D45: 3) иные источники | E45: 0 | F45: 0 | G45: 0 | H45: 0 | I45: 0 | J45: 0 | K45: 0 | L45: 0 | M45: 0 | N45: 0 | O45: 0 | P45: 0
P46: ".
